 Dungeon Crawl Stone Soup version 0.31-a0-536-ga3e2962e35 (console) character file.

Game seed: 9180116777520002702

485 Lexodia the Chucker (level 7, -4/67 HPs)
             Began as an Ogre Gladiator on Aug 13, 2023.
             Slain by an iguana (6 damage)
             ... on level 6 of the Dungeon.
             The game lasted 00:12:39 (3958 turns).

Lexodia the Chucker (Ogre Gladiator)                Turns: 3958, Time: 00:12:39

Health: -4/67      AC:  3    Str: 19    XL:     7   Next: 13%
Magic:  7/7        EV: 11    Int: 10    God:
Gold:   199        SH:  0    Dex: 18    Spells: 6/6 levels left

rFire   . . .        t - +5 dagger {freeze, rCorr Int+3}
rCold   + . .        (no shield)
rNeg    . . .        b - +0 robe
rPois   .            c - +0 hat
rElec   .            v - scarf {repulsion}
rCorr   +            (gloves unavailable)
SInv    .            (boots unavailable)
Will    .....        (no amulet)
Stlth   ++           j - ring of protection from cold
HPRegen 0.31/turn    (no ring)
MPRegen 0.10/turn

%: repel missiles
@: mighty
A: large, unfitting armour, tough skin 1, talons 1, agile 2
a: no special abilities


You were on level 6 of the Dungeon.
You visited 1 branch of the dungeon, and saw 6 of its levels.

You collected 221 gold pieces.
You spent 22 gold pieces at shops.

Inventory:

Hand Weapons
 a - a +0 flail
 i - a +0 mace
 t - the +5 dagger of Tumult (weapon) {freeze, rCorr Int+3}
   (You found it on level 3 of the Dungeon)

   Int+3:     It affects your intelligence (+3).
   rCorr:     It protects you from acid and corrosion.
 y - a +0 giant club
Missiles
 d - 3 throwing nets
 e - a large rock
 h - 5 stones (quivered)
 s - 4 boomerangs
Armour
 b - a +0 robe (worn)
 c - a +0 hat (worn)
 v - a scarf of repulsion (worn)
Jewellery
 j - a ring of protection from cold (left hand)
Wands
 w - a wand of roots (5)
Scrolls
 k - a scroll of summoning
 l - a scroll of silence
 m - 3 scrolls of immolation {unknown}
 o - 3 scrolls of enchant armour {unknown}
 p - 2 scrolls of blinking {unknown}
 q - 2 scrolls of noise {unknown}
 r - a scroll of fog {unknown}
Potions
 f - a potion of lignification
 g - 2 potions of ambrosia
 n - a potion of brilliance
 u - a potion of curing
 A - 2 potions of might


   Skills:
 - Level 3.0 Fighting
 + Level 5.2 Maces & Flails
 + Level 5.3 Throwing
 - Level 3.0 Dodging


You had 6 spell levels left.
You didn't know any spells.
Your spell library contained the following spells:

 Spells                   Type           Power      Damage    Failure   Level
 Lesser Beckoning         Tloc           0%         N/A       50%         2
 Gell's Gravitas          Tloc           0%         N/A       75%         3
 Teleport Other           Tloc           0%         N/A       75%         3


Dungeon Overview and Level Annotations

Branches:
Dungeon (6/15)
 Temple: D:4-7

Altars:
Fedhas
Gozag
Hepliaklqana
Zin
The Shining One

Shops:
D:4 ?

Annotations:
D:3 2 transporters, Omnilove's ghost, novice SpHu


Innate Abilities, Weirdness & Mutations

You are too large for most types of armour.
You have tough skin. (AC +1)
You have sharp toenails.
You are very agile. (Dex +8, Str/Int -2)


Message History

The ufetubus barely misses you. The ufetubus hits you.
* * * LOW HITPOINT WARNING * * *
The ufetubus hits you.
* * * LOW HITPOINT WARNING * * *
The ufetubus completely misses you.
Huge Dmg: -6%(-4hp) hp: 11%(7hp)
You miss the ufetubus. Your kick misses the ufetubus.
The ufetubus is almost dead.
The ufetubus hits you.
* * * LOW HITPOINT WARNING * * *
The ufetubus hits you.
* * * LOW HITPOINT WARNING * * *
Huge Dmg: -9%(-6hp) hp: 2%(1hp) Throw: 6 stones
Press: ? - help, Shift-Dir - straight line, f - ufetubus
Aim: an ufetubus (almost dead, 44% to hit)
You throw a stone. The stone hits the ufetubus.
You kill the ufetubus!
Aiming: Fastroot
Press: ? - help, Shift-Dir - straight line, f - iguana
Aim: an iguana The roots erupt in riotous growth!
Roots grab the iguana.
The grasping roots constrict the iguana.
You hear a shout!
The iguana struggles to escape constriction.
Throw: 4 boomerangs
Press: ? - help, Shift-Dir - straight line, f/p - iguana
Aim: an iguana (lightly wounded, constricted by roots, 90% to hit)
You throw a boomerang. The boomerang hits the iguana.
The iguana is moderately wounded.
The grasping roots constrict the iguana.
The roots release their grip on the iguana.
Throw: 4 boomerangs
Press: ? - help, Shift-Dir - straight line, f/p - iguana
Aim: an iguana (severely wounded, 65% to hit)
You throw a boomerang.
The boomerang closely misses the iguana.
The iguana bites you.
You die...

..# # #.# #.
..# #.# #.#
.....# #
#.#.# #.#...#
#. #@#
#.###l#
#.....#
#.....#
#..<..#
#.....#
........#
.....#......
#.#..........


You could see an iguana.

Vanquished Creatures
  An ogre (D:4)
  A bullfrog (D:6)
  A scorpion (D:5)
  A hound (D:4)
  2 orc priests (D:4)
  An iguana (D:4)
  4 gnolls
  5 adders
  An ufetubus (D:6)
  2 worms (D:4)
  3 dart slugs
  7 orcs
  4 bats
  3 endoplasms
  4 giant cockroaches
  3 goblins
  9 hobgoblins
  6 kobolds
  A quokka (D:3)
  A ball python (D:3)
  4 frilled lizards
  8 rats
72 creatures vanquished.

Notes
Turn   | Place    | Note
-------+----------+-------------------------------------------
     0 | D:1      | Lexodia the Ogre Gladiator began the quest for the Orb.
     0 | D:1      | Reached XP level 1. HP: 22/22 MP: 1/1
    51 | D:1      | Huge Dmg: 4 dmg
    63 | D:1      | Huge Dmg: 4 dmg
   222 | D:1      | Reached XP level 2. HP: 28/29 MP: 2/2
  1067 | D:2      | Reached XP level 3. HP: 20/37 MP: 3/3
  1636 | D:2      | Reached XP level 4. HP: 36/45 MP: 4/4
  1695 | D:2      | Huge Dmg: 10 dmg
  1707 | D:3      | Huge Dmg: 12 dmg
  1710 | D:3      | Huge Dmg: 6 dmg
  1914 | D:3      | Identified the +5 dagger of Tumult {freeze, rCorr Int+3}
  1953 | D:3      | Identified the +8 chain mail of Veumydgh {Contam Int+3
                  | Dex+2}
  1989 | D:3      | Found a transporter.
  2170 | D:3      | Found a transporter.
  2174 | D:3      | Noticed Omnilove's ghost (novice SpHu)
  2442 | D:4      | Reached XP level 5. HP: 53/53 MP: 5/5
  2457 | D:4      | Noticed an ogre
  2467 | D:4      | Killed an ogre
  2604 | D:4      | Reached XP level 6. HP: 61/61 MP: 6/6
  2730 | D:4      | Found Jimebb's Magic Scroll Shoppe.
  2753 | D:4      | Bought a scroll of identify for 22 gold pieces
  2811 | D:4      | Huge Dmg: 12 dmg
  2813 | D:4      | Huge Dmg: 9 dmg
  2838 | D:5      | Entered Level 5 of the Dungeon
  2991 | D:4      | Found a glowing golden altar of the Shining One.
  3233 | D:4      | Found a large runed translucent door.
  3234 | D:4      | Found a large runed translucent door.
  3600 | D:4      | Found an opulent altar of Gozag.
  3610 | D:4      | Found a hazy altar of Hepliaklqana.
  3686 | D:5      | Reached skill level 5 in Maces & Flails
  3686 | D:5      | Reached skill level 5 in Throwing
  3916 | D:5      | Found a glowing silver altar of Zin.
  3917 | D:5      | Found a blossoming altar of Fedhas.
  3930 | D:5      | Noticed a water moccasin
  3938 | D:6      | Huge Dmg: 10 dmg
  3940 | D:6      | Huge Dmg: 10 dmg
  3943 | D:6      | Huge Dmg: 7 dmg
  3945 | D:6      | Huge Dmg: 5 dmg
  3945 | D:6      | Gained mutation: You have sharp toenails. [potion of
                  | mutation]
  3945 | D:6      | Gained mutation: You are agile. (Dex +4, Str/Int -1)
                  | [potion of mutation]
  3945 | D:6      | Gained mutation: You are very agile. (Dex +8, Str/Int -2)
                  | [potion of mutation]
  3946 | D:6      | Huge Dmg: 4 dmg
  3951 | D:6      | Reached XP level 7. HP: 15/67 MP: 7/7
  3954 | D:6      | Huge Dmg: 4 dmg
  3954 | D:6      | HP: 1/67 [ufetubus (3)]
  3955 | D:6      | Huge Dmg: 6 dmg
  3958 | D:6      | Slain by an iguana

Illustrated notes

Levels and vault maps discovered:
D:1:      zelgadis_glass_arrival_small, layout_basic, serial_rivers,
          chequers_serial_rivers_room_b, chequers_serial_rivers_room_a,
          chequers_serial_rivers_room_a, chequers_serial_rivers_small_b,
          chequers_serial_rivers_large_a, chequers_serial_rivers_room_b
D:2:      layout_rooms
D:3:      layout_rooms, gammafunk_ghost_stat_death
D:4:      layout_basic, mainiacjoe_overflow_tiny_flanked, jmf_multi_god_temple2,
          serial_shops, nicolae_shop_tiny_waterfront
D:5:      layout_basic, jmf_multi_god_temple, minmay_temple_entry_slanted
D:6:      layout_loops_ring, gup_sewer_entry_pipe, uniq_sigmund, uniq_menkaure,
          uniq_jeremiah, uniq_crazy_yiuf_cottage

Skill      XL: |  1  2  3  4  5  6 |
---------------+-------------------+-----
Fighting       | 3 |  3.0
Maces & Flails | 3 4 5 |  5.2
Dodging        | 3 |  3.0
Throwing       | 3 4 5 |  5.3

Action                     |  1- 3 |  4- 6 |  7- 9 || total
---------------------------+-------+-------+-------++-------
  Melee: Flail             |    98 |    16 |       ||   114
         Punch             |     1 |     1 |       ||     2
         Dagger            |       |    71 |     4 ||    75
         Giant club        |       |    50 |       ||    50
  Throw: Stone             |    20 |    17 |     1 ||    38
         Large rock        |       |     1 |       ||     1
         Boomerang         |       |       |     2 ||     2
  Evoke: Wand              |       |       |     1 ||     1
    Use: Scroll            |       |     6 |       ||     6
         Potion            |       |     3 |       ||     3
   Stab: Sleeping          |     2 |     2 |       ||     4
 Armour: Robe              |    26 |    30 |       ||    56
  Dodge: Dodged            |    49 |    88 |     6 ||   143

Table legend: (Time is in decaauts)
 A = Elapsed time spent in this place.
 B = Non-inter-level travel time spent in this place.
 C = Inter-level travel time spent in this place.
 D = Time resting spent in this place.
 E = Time spent auto-exploring this place.
 F = Levels seen in this place.
 G = Mean time per level.
                   A        B        C        D        E       F      G
               +--------+--------+--------+--------+--------+-----+--------+
         Total |   4000 |   3714 |    286 |    270 |   2720 |   6 |  666.7 |
       Dungeon |   4000 |   3714 |    286 |    270 |   2720 |   6 |  666.7 |
               +--------+--------+--------+--------+--------+-----+--------+

Top non-repeatable levels by time:
     D:4: 1179 daAuts
     D:1: 1069 daAuts
     D:2: 748 daAuts
     D:3: 641 daAuts
     D:5: 335 daAuts
     D:6: 26 daAuts
